 Dungeon Crawl Stone Soup version 0.17-a0-1545-gc1bb672 (webtiles) character file.

3696 Delvonshi the Fighter (level 9, -16/89 HPs)
             Began as a White Draconian Chaos Knight on July 19, 2015.
             Killed from afar by a storm dragon (36 damage)
             ... with a bolt of lightning
             ... on level 1 of the Lair of Beasts.
             The game lasted 01:05:26 (9461 turns).

Delvonshi the Fighter (DrCK)                        Turns: 9461, Time: 01:05:26

Health: -16/89     AC:  9    Str: 14    XL:     9   Next: 90%
Magic:  13/13      EV: 13    Int: 12    God:    Xom [......]
Gold:   370        SH:  0    Dex: 11    Spells: 0 memorised, 14 levels left

rFire  . . .     SeeInvis .     t - +0 blowgun
rCold  + . .     Clarity  .     (armour unavailable)
rNeg   . . .     SustAt   +     (no shield)
rPois  .         Gourm    .     (helmet restricted)
rElec  .         Spirit   .     D - +0 cloak
rCorr  +         Warding  .     L - +0 pair of gloves
rMut   .         Stasis   .     (no boots)
MR     .....                    I - amulet of resist corrosion
Stlth  ++........               (no ring)
                                g - ring of sustain attributes

@: not resistant to hostile enchantments, unstealthy
A: breathe frost, unfitting armour, clumsy 1, cold resistance 1, weak 1,
cold-blooded, AC +7
a: Breathe Frost, Renounce Religion


You were on level 1 of the Lair of Beasts.
You worshipped Xom.
You were a very special plaything of Xom.
You were not hungry.

You visited 3 branches of the dungeon, and saw 10 of its levels.

You collected 430 gold pieces.
You spent 60 gold pieces at shops.

Inventory:

Hand weapons
 a - a +0 spear of chaos
 k - a +3 spear of piercing
 t - a +0 blowgun (weapon)
 P - a +2 spear of venom
Missiles
 p - 39 poisoned needles (quivered)
 x - 7 tomahawks
 E - 4 needles of slowing
Armour
 D - a +0 cloak (worn)
 L - a +0 pair of gloves (worn)
Jewellery
 g - a ring of sustain attributes (left hand)
 I - an amulet of resist corrosion (around neck)
Magical devices
 d - a wand of enslavement (18)
 q - a wand of draining (5)
 y - a wand of draining (6)
 B - a wand of polymorph (5)
 F - a wand of disintegration (14)
Scrolls
 c - 2 scrolls of noise
 e - a scroll of enchant weapon
 f - a scroll of fear {unknown}
 h - 2 scrolls of remove curse
 i - a scroll of blinking
 j - a scroll of random uselessness
 l - 3 scrolls of identify
 r - a scroll of immolation {unknown}
 s - 2 scrolls of teleportation {unknown}
 G - 4 scrolls of magic mapping
 J - 3 scrolls of recharging {unknown}
Potions
 m - a potion of curing
 n - a potion of cancellation
 u - a potion of mutation {unknown}
 z - a potion of brilliance {unknown}
 C - a potion of degeneration {unknown}
 H - a potion of flight {unknown}
 M - 2 potions of poison {unknown}
 N - a potion of lignification {unknown}
 Q - 2 potions of berserk rage {unknown}
Comestibles
 b - 13 bread rations
 o - 3 meat rations
 w - a slice of pizza
 A - 2 beef jerkies


   Skills:
 + Level 11.1 Fighting
 - Level 9.2 Polearms
 + Level 4.0 Dodging
 - Level 1.1 Stealth
 + Level 3.1 Spellcasting


You had 14 spell levels left.
You didn't know any spells.

Dungeon Overview and Level Annotations

Branches:
Dungeon (8/15)             Temple (1/1) D:5            Lair (1/8) D:8

Altars:
Ashenzari
Cheibriados
Elyvilon
Fedhas
Gozag
Kikubaaqudgha
Makhleb
Okawaru
Qazlal
Ru
Sif Muna
Vehumet
Xom
Yredelemnul
Zin
The Shining One

Shops:
D:4 :   D:5 !


Innate Abilities, Weirdness & Mutations

You can breathe waves of freezing cold.
You can buffet flying creatures when you breathe cold.
Your icy white scales are hard (AC +7).
Your body does not fit into most forms of armour.
Your flesh is cold resistant.
You are cold-blooded and may be slowed by cold attacks.
You are clumsy. (Dex -2)
You are weak. (Str -2)


Message History

The storm dragon breathes lightning at you.
The bolt of lightning hits the river rat.
The river rat dies!
The bolt of lightning hits you!
* * * LOW HITPOINT WARNING * * *
Xom thinks this is hilarious!
Drink which item? (? for menu, Esc to quit)
You feel much better.
The river rat bites you but does no damage.
Your large abomination hits the river rat!
The river rat dies!
Something bites your large abomination!
Something completely misses your large abomination.
Something tramples your large abomination but does no damage.
Your large abomination hits the storm dragon!
The storm dragon breathes lightning at you.
The bolt of lightning hits your large abomination. x2
The bolt of lightning hits you!
You die...
Xom guffaws!

...<§.........#####
.....#.........#..#####
....................#.#
##....................##
##....................#
.....##......#.._....#
#.P.######.#..........#
### ##### #####.......##
#.# ##.@.....###.#
###...XX....#####
#.#.XXX.##..#.#
###.##D.[....#
#.##.†##...#
##.#..##..##
###.##..#...#
.......#.....#####
....(..#D........#


You could see a storm dragon, a friendly tentacled monstrosity and 4 friendly
large abominations.

Vanquished Creatures
  Pikel (D:7)
  A spriggan (D:7)
  A wyvern (D:8)
  3 phantoms
  A black bear (D:8)
  2 slaves (D:7)
  3 centaurs
  An orc warrior (D:8)
  3 ogres
  A big kobold (D:7)
  A crocodile (D:7)
  A giant frog (D:6)
  4 killer bees (D:7)
  2 scorpions (D:4)
  3 wights (D:6)
  A crimson imp (D:8)
  An orc wizard (D:8)
  The ghost of CrayRabbit the Firebug, a weakling TeFE (D:3)
  A giant frog zombie (D:8)
  An iguana (D:7)
  Crazy Yiuf (D:7)
  5 hounds
  An orc priest (D:4)
  3 worker ants
  A hound skeleton (D:5)
  A hound zombie (D:8)
  3 river rats (Lair:1)
  12 adders
  2 shadow imps
  An adder zombie (D:3)
  2 adder skeletons (D:4)
  2 worms
  2 giant geckos
  11 orcs
  9 giant cockroaches
  17 hobgoblins
  10 jackals
  18 kobolds
  A ball python (D:3)
  9 bats
  2 giant gecko skeletons (D:4)
  6 giant newts
  9 goblins
  A quokka skeleton (D:8)
  12 rats
  A fungus (D:8)
175 creatures vanquished.

Vanquished Creatures (collateral kills)
  Erica (D:8)
  2 ogres
  A giant frog (D:6)
  2 wights (D:6)
  5 river rats (Lair:1)
11 creatures vanquished.

Vanquished Creatures (others)
  A phantom (D:7)
  An ogre (D:7)
  A river rat (Lair:1)
  An adder (D:7)
  A goblin (D:7)
  5 kobolds (D:7)
  2 bats
  A jackal zombie (D:7)
  8 bushes (D:7)
21 creatures vanquished.

Grand Total: 207 creatures vanquished

Notes
Turn   | Place    | Note
--------------------------------------------------------------
     0 | D:1      | Delvonshi the Draconian Chaos Knight began the quest for the Orb.
     0 | D:1      | Reached XP level 1. HP: 19/19 MP: 1/1
    65 | D:1      | XOM: divination: magic mapping
   555 | D:1      | Reached XP level 2. HP: 24/27 MP: 2/2
   691 | D:1      | XOM: silly message
   908 | D:1      | Reached skill level 4 in Fighting
   908 | D:1      | XOM: silly message
  1229 | D:2      | XOM: silly message
  1259 | D:2      | Reached XP level 3. HP: 24/33 MP: 3/3
  1328 | D:2      | XOM is BORED!
  1328 | D:2      | XOM: noise
  1330 | D:2      | You fall through a shaft for 2 floors!
  1330 | D:4      | Noticed an ogre
  1348 | D:4      | Noticed a scorpion
  1348 | D:4      | XOM: confuse monster(s)
  1351 | D:4      | Killed an ogre
  1351 | D:4      | Reached XP level 4. HP: 22/41 MP: 4/4
  1360 | D:3      | Reached skill level 5 in Fighting
  1600 | D:3      | XOM: divination: detect creatures
  1869 | D:3      | Noticed CrayRabbit's ghost (weakling TeFE)
  1880 | D:3      | Killed CrayRabbit's ghost
  1880 | D:3      | Reached XP level 5. HP: 41/48 MP: 5/5
  1906 | D:3      | Noticed a phantom
  1914 | D:3      | XOM: harmless Ice miscast
  1928 | D:3      | XOM: silly message
  1934 | D:3      | XOM: silly message
  1937 | D:3      | XOM: divination: magic mapping
  2009 | D:2      | XOM: harmless Pois miscast
  2072 | D:2      | XOM: confuse monster(s)
  2074 | D:2      | Reached skill level 1 in Stealth
  2092 | D:2      | Found a deep blue altar of Sif Muna.
  2095 | D:2      | Found a basalt altar of Yredelemnul.
  2105 | D:2      | Found a white marble altar of Elyvilon.
  3419 | D:3      | XOM: enchant monster (bad)
  3429 | D:3      | Killed a phantom
  3429 | D:3      | Reached skill level 6 in Fighting
  3429 | D:3      | Reached XP level 6. HP: 44/57 MP: 6/6
  3457 | D:3      | XOM: harmless Hex miscast
  3678 | D:4      | Killed a scorpion
  3678 | D:4      | Reached skill level 5 in Polearms
  3751 | D:4      | Found an ancient bone altar of Kikubaaqudgha.
  3829 | D:4      | Found Yfotuboe's Book Emporium.
  4033 | D:4      | XOM: cast spell 'Ice Form'
  4098 | D:4      | XOM: harmless Fire miscast
  4123 | D:4      | Noticed a scorpion
  4134 | D:4      | Killed a scorpion
  4134 | D:4      | Your scales start taking on an icy white colour.
  4134 | D:4      | Gained mutation: Your flesh is cold resistant. [White Draconian growth]
  4134 | D:4      | Reached XP level 7. HP: 36/64 MP: 7/7
  4357 | D:4      | XOM: summons 2 friendly demons
  4361 | D:4      | Reached skill level 7 in Fighting
  4426 | D:4      | XOM: silly message
  4641 | D:4      | XOM: mild Summ miscast
  4671 | D:5      | Entered Level 5 of the Dungeon
  4686 | D:5      | Found Faqustre's Distillery.
  4720 | D:5      | Bought a potion of heal wounds for 60 gold pieces
  4824 | D:5      | XOM: confuse monster(s)
  4971 | D:5      | XOM: medium Trmt miscast
  5151 | D:5      | Found a staircase to the Ecumenical Temple.
  5315 | D:5      | Found a glowing silver altar of Zin.
  5315 | D:5      | Found an opulent altar of Gozag.
  5626 | Temple   | Entered the Ecumenical Temple
  5807 | D:6      | Reached skill level 8 in Fighting
  5844 | D:6      | XOM: colour smoke trail
  5873 | D:6      | XOM: smoke on damage
  5882 | D:6      | XOM: noise
  5883 | D:6      | Reached XP level 8. HP: 56/74 MP: 8/8
  5885 | D:6      | XOM: blink monster(s)
  5893 | D:6      | XOM: divination: detect creatures
  5894 | D:6      | XOM: divination: magic mapping
  5895 | D:6      | XOM: harmless Air miscast
  5922 | D:6      | XOM: enchant monster (bad)
  5923 | D:6      | XOM: confusion
  5936 | D:6      | XOM: give mutations
  5936 | D:6      | Gained mutation: You are clumsy. (Dex -2) [Xom's mischief]
  5936 | D:6      | Gained mutation: You are weak. (Str -2) [Xom's mischief]
  6038 | D:6      | XOM is BORED!
  6038 | D:6      | XOM: medium Conj miscast
  6070 | D:6      | XOM: harmless Divn miscast
  6354 | D:6      | XOM: colour smoke trail
  6412 | D:7      | XOM: summons 4 hostile demons
  6597 | D:7      | XOM: summons 4 hostile shadow creatures
  6612 | D:7      | XOM: confusion (+ monsters)
  6626 | D:7      | Reached skill level 9 in Fighting
  6656 | D:7      | XOM: summons 4 hostile demons
  6912 | D:7      | Noticed Pikel
  6917 | D:7      | XOM: noise
  6926 | D:7      | Noticed Crazy Yiuf
  6940 | D:7      | Killed Crazy Yiuf
  6944 | D:7      | Killed Pikel
  6968 | D:7      | XOM: noise
  7044 | D:7      | XOM: confusion (+ monsters)
  7047 | D:7      | XOM: potion effect (brilliance)
  7057 | D:7      | XOM: potion effect (heal wounds)
  7066 | D:7      | Reached XP level 9. HP: 47/85 MP: 9/9
  7077 | D:7      | XOM: smoke on damage
  7441 | D:7      | Found a shattered altar of Ashenzari.
  7463 | D:7      | Reached skill level 10 in Fighting
  7588 | D:7      | XOM: divination: detect items
  8227 | D:7      | XOM: divination: detect items
  8301 | D:8      | XOM: draining
  8363 | D:8      | Reached skill level 1 in Spellcasting
  8387 | D:8      | XOM: smoke on damage
  8411 | D:8      | XOM: god gift: scroll of noise
  8557 | D:8      | XOM: silly message
  8684 | D:8      | Noticed Erica
  8692 | D:8      | XOM: divination: magic mapping
  8698 | D:8      | XOM: divination: magic mapping
  8702 | D:8      | Killed Erica
  8702 | D:8      | Reached skill level 11 in Fighting
  8961 | D:8      | XOM: confuse monster(s)
  8974 | D:8      | XOM: god gift: steaming chain mail {god gift}
  9050 | D:8      | Found a staircase to the Lair.
  9286 | D:8      | XOM: colour smoke trail
  9320 | Lair:1   | Entered Level 1 of the Lair of Beasts
  9328 | Lair:1   | Found a shimmering altar of Xom.
  9377 | Lair:1   | Noticed an eight-headed hydra
  9382 | Lair:1   | XOM: fog
  9383 | Lair:1   | XOM: confuse monster(s)
  9428 | Lair:1   | XOM: noise
  9438 | Lair:1   | Noticed a storm dragon
  9438 | Lair:1   | an eight-headed hydra changed into a storm dragon
  9438 | Lair:1   | XOM: polymorph eight-headed hydra -> storm dragon
  9455 | Lair:1   | XOM: cast spell 'Summon Horrible Things'
  9455 | Lair:1   | HP: 1/89 [storm dragon/bolt of lightning (24)]
  9461 | Lair:1   | Killed from afar by a storm dragon

Vault maps used:
D:1:      ncdulo_watergridlock
D:2:      minitemple, serial_bayou_pond_a
D:4:      kennysheep_mini_moat, serial_shops, nicolae_shop_crystal, first_bread,
          st_stairs_12, kennysheep_decorative_pillar
D:5:      grunt_temple_overflow_gold_and_silver, temple_pool_b, serial_shops,
          shop
D:7:      minmay_klotski, ashenzari_altar_1, the_bakery, uniq_pikel,
          uniq_crazy_yiuf_cottage
D:8:      dpeg_oklobed_lair, uniq_erica
Temple:   circular_temple_12
Lair:1:   basic_altar, special_room, patterned_corridor, grunt_megastairs_1

Action                   |  1- 3 |  4- 6 |  7- 9 || total
-------------------------+-------+-------+-------++-------
Melee: Spear             |    87 |   209 |   330 ||   626
 Fire: Blowgun           |       |    29 |   111 ||   140
Throw: Tomahawk          |       |     5 |     6 ||    11
 Abil: Breathe Frost     |       |       |    10 ||    10
  Use: Potion            |     1 |       |    10 ||    11
       Scroll            |       |       |     7 ||     7
 Stab: Sleeping          |       |     5 |     3 ||     8
       Confused          |       |     1 |     1 ||     2
       Distracted        |       |     1 |     1 ||     2
  Eat: Chunk             |     1 |     9 |    13 ||    23
       Bread ration      |       |       |     2 ||     2
